 Dungeon Crawl Stone Soup version 0.28-a0-60-g54b5640690 (webtiles) character file.

Game seed: 9809717510143591037

1 miscthings the Fighter (level 1, 28/28 HPs)
             Began as a Gnoll Wanderer on July 30, 2021.
             Quit the game on level 1 of the Dungeon.
             The game lasted 00:00:44 (34 turns).

miscthings the Fighter (Gnoll Wanderer)               Turns: 34, Time: 00:00:44

Health: 28/28      AC:  3    Str: 10    XL:     1   Next: 20%
Magic:  1/1        EV: 11    Int: 13    God:
Gold:   0          SH:  0    Dex: 10    Spells: 0/0 levels left

rFire   . . .      SeeInvis .   a - +0 club
rCold   . . .      Faith    .   (no shield)
rNeg    . . .      Spirit   .   e - +0 leather armour
rPois   .          Reflect  .   (no helmet)
rElec   .          Harm     .   (no cloak)
rCorr   .          Rampage  .   (no gloves)
Will    .....                   (no boots)
Stlth   ++........              (no amulet)
HPRegen 0.09/turn               (no ring)
MPRegen 0.07/turn               (no ring)

@: no status effects
A: fangs 1, strong nose, distributed training
a: no special abilities


You were on level 1 of the Dungeon.
You visited 1 branch of the dungeon, and saw 1 of its levels.

Inventory:

Hand Weapons
 a - a +0 club (weapon)
Missiles
 b - 3 throwing nets (quivered)
Armour
 e - a +0 leather armour (worn)
Potions
 c - a potion of curing
 d - a potion of lignification


   Skills:
 + Level 10.3 Fighting
 + Level 0.0 Short Blades
 + Level 2.3 Long Blades
 + Level 0.0 Axes
 + Level 0.0 Maces & Flails
 + Level 0.0 Polearms
 + Level 2.3 Staves
 + Level 0.0 Slings
 + Level 0.0 Bows
 + Level 0.0 Crossbows
 + Level 2.3 Throwing
 + Level 0.0 Armour
 + Level 2.3 Dodging
 + Level 2.1 Stealth
 + Level 0.0 Shields
 + Level 0.0 Unarmed Combat
 + Level 0.0 Spellcasting
 + Level 0.0 Conjurations
 + Level 0.0 Hexes
 + Level 0.0 Summonings
 + Level 0.0 Necromancy
 + Level 0.0 Translocations
 + Level 0.0 Transmutations
 + Level 0.0 Fire Magic
 + Level 0.0 Ice Magic
 + Level 0.0 Air Magic
 + Level 0.0 Earth Magic
 + Level 0.0 Poison Magic
 + Level 0.0 Invocations
 + Level 0.0 Evocations


You couldn't memorise any spells.
You didn't know any spells.
Your spell library was empty.

Dungeon Overview and Level Annotations

Branches:
Dungeon (1/15)

Altars:


Innate Abilities, Weirdness & Mutations

You have very sharp teeth.
Your uncanny sense of smell can sniff out nearby items.
Your experience applies equally to all skills.


Message History

It is said that the Orb of Zot exists deep within this dungeon.
Press ? for a list of commands and other information.
Found a staircase leading out of the dungeon.
You begin with the following items: a +0 club, 3 throwing nets, a potion of curing, a potion of lignification, a +0 leather armour.
Unknown command.
Unknown command.
The goblin shouts!
You open the gate.
There is an open gate here.
You open the huge gate.
A kobold comes into view. It is wielding a +0 dagger.
The kobold shouts!
You don't know any spells.
The kobold hits you but does no damage.
You hit the kobold but do no damage. The kobold barely misses you.
You hit the kobold.
The kobold is severely wounded.
The kobold hits you but does no damage.
You hit the kobold.
You kill the kobold!
There is a huge open gate, spattered with blood here.
Things that are here:
a +0 dagger; a kobold corpse You don't know any spells.
Drop what? 5/52 slots (_ for help) (? for menu, Esc to quit)
Okay, then.
Save game and exit?
Welcome back, miscthings the Gnoll Wanderer.
Press ? for a list of commands and other information.
Save game and exit?
Welcome back, miscthings the Gnoll Wanderer.
Press ? for a list of commands and other information.
Unknown command.
Unknown command.
There is a huge open gate here.
There is a huge open gate here.
There is a huge open gate here.
The kobold shouts!
There is an open gate here.
Are you sure you want to abandon this character and quit the game? (Confirm with "yes".)

∆
#################
#≈≈≈≈≈≈≈<≈≈≈§≈≈≈#
#≈≈≈≈≈§≈.≈§≈§≈§≈#
#≈≈§§.......§≈§§#
#≈≈.....@...§.≈§#
#≈..........§.§≈#
#≈.............≈#
###..8.###.8..###
#K#...........#g#
#######'''#######
#...........#
#...........#
###.......### .


You could see a goblin and a kobold.

Vanquished Creatures
  A kobold (D:1)
1 creature vanquished.

Notes
Turn   | Place    | Note
-------+----------+-------------------------------------------
     0 | D:1      | Reached skill level 10 in Fighting
     0 | D:1      | miscthings the Gnoll Wanderer began the quest for the Orb.
     0 | D:1      | miscthings set off with the following items: a +0 club, 3
                  | throwing nets, a potion of curing, a potion of
                  | lignification, a +0 leather armour
     0 | D:1      | Reached XP level 1. HP: 28/28 MP: 1/1
    21 | D:1      | Upgraded the game from 0.28-a0-48-gfd831c5874 to
                  | 0.28-a0-60-g54b5640690
    34 | D:1      | Quit the game

Illustrated notes

Levels and vault maps discovered:
D:1:      lordsloth_arrival_two_stooges, layout_rooms,
          shapermc_ecumenical_altar_ellora

Skill      XL: | |
---------------+-+-----
Fighting       | | 10.3
Long Blades    | |  2.3
Staves         | |  2.3
Throwing       | |  2.3
Dodging        | |  2.3
Stealth        | |  2.1

Action                   || total
-------------------------++-------
Melee: Club              ||     3
Armor: Leather armour    ||     2
Dodge: Dodged            ||     1

Table legend: (Time is in decaauts)
 A = Elapsed time spent in this place.
 B = Non-inter-level travel time spent in this place.
 C = Inter-level travel time spent in this place.
 D = Time resting spent in this place.
 E = Time spent auto-exploring this place.
 F = Levels seen in this place.
 G = Mean time per level.
                   A        B        C        D        E       F      G
               +--------+--------+--------+--------+--------+-----+--------+
         Total |     34 |     34 |      0 |      0 |     11 |   1 |   34.0 |
       Dungeon |     34 |     34 |      0 |      0 |     11 |   1 |   34.0 |
               +--------+--------+--------+--------+--------+-----+--------+

Top non-repeatable levels by time:
     D:1: 34 daAuts
